 Dungeon Crawl Stone Soup version 0.30-a0-509-gd016549fea (webtiles) character file.

Game seed: 5185170792331444838

291 xzight the Firebug (level 6, 0/31 (35) HPs)
             Began as a Deep Elf Fire Elementalist on Dec 22, 2022.
             Slain by Edmund
             ... wielding a +0 dire flail of draining
              (9 damage)
             ... on level 4 of the Dungeon.
             The game lasted 00:06:38 (3454 turns).

xzight the Firebug (Deep Elf Fire Elementalist)     Turns: 3454, Time: 00:06:39

HP:   0/31 (35)     AC:  6    Str:  5    XL:     6   Next: 10%
MP:   17/23         EV: 13    Int: 22    God:
Gold: 215           SH:  0    Dex: 15    Spells: 10/13 levels left

rFire   . . .      SeeInvis .    i - +1 dagger (venom)
rCold   . . .      Faith    .    (no shield)
rNeg    . . .      Spirit   .    a - +0 robe
rPois   .          Reflect  .    s - +0 helmet
rElec   .          Harm     .    q - +2 cloak
rCorr   .          Rampage  .    (no gloves)
Will    .....                    (no boots)
Stlth   ++........               (no amulet)
HPRegen 0.25/turn                M - ring of magical power
MPRegen 0.18/turn                (no ring)

@: heavily drained
A: no striking features
a: no special abilities


You were on level 4 of the Dungeon.
You visited 1 branch of the dungeon, and saw 4 of its levels.

You collected 215 gold pieces.


   Skills:
 + Level 1.6 Fighting
 + Level 3.3 Dodging
 - Level 3.1 Stealth
 + Level 4.4 Spellcasting
 + Level 2.9 Conjurations
 * Level 5.1 Fire Magic


You had 10 spell levels left.
You knew the following spells:

 Your Spells              Type           Power      Damage    Failure   Level
a - Foxfire               Conj/Fire      88%        2x1d8     1%          1
b - Scorch                Fire           54%        2d8       1%          2

Your spell library contained the following spells:

 Spells                   Type           Power      Damage    Failure   Level
 Inner Flame              Hex/Fire       16%        N/A       11%         3
 Kindle Blastsparks       Fire/Tloc/Air  24%        2d12      16%         3
 Flame Wave               Conj/Fire      22%        2d8       21%         4

Inventory:

Hand Weapons
 i - a +1 dagger of venom (weapon)
Armour
 a - a +0 robe (worn)
 q - a +2 cloak (worn)
 s - a +0 helmet (worn)
Jewellery
 M - a ring of magical power (left hand)
Scrolls
 c - 2 scrolls of enchant weapon
 e - a scroll of blinking {unknown}
 g - a scroll of immolation {unknown}
 h - 6 scrolls of teleportation {@r2}
 k - a scroll of magic mapping {unknown}
 m - a scroll of vulnerability {unknown}
 n - a scroll of amnesia {unknown}
 o - a scroll of fear
 p - a scroll of poison {unknown}
Potions
 b - 2 potions of magic
 f - a potion of lignification
 j - 2 potions of might
 l - a potion of berserk rage {!q}

Dungeon Overview and Level Annotations

Branches:
Dungeon (4/15)
 Temple: D:4-7

Altars:
Qazlal

Shops:
D:1 [

Annotations:
D:3 1 runed translucent door, bmack86's ghost, amateur MiFi
D:4 Edmund

#.# #.# #.##.#
#.#####.# #.##.#
.....).)####.##.#
#...............#
##.############.#
.. #)# #.#
#########v#
#......@@v#
#########.#########
...@......#
.▒...▒.####
.†$....# .▒...▒##
......# #######


You could see Edmund (combustible, ally target).


Message History

You conjure some foxfire!
The foxfire hits Edmund.
Edmund is lightly wounded.
Casting: Foxfire (safe; 1% risk of failure)
Confirm with . or Enter, or press ? or * to list all spells.
You conjure some foxfire!
The foxfire hits Edmund but does no damage.
Edmund is lightly wounded.
Casting: Foxfire (safe; 1% risk of failure)
Confirm with . or Enter, or press ? or * to list all spells.
Flames lash Edmund.
Edmund is lightly wounded.
Edmund's fire resistance burns away.
Edmund hits you but does no damage.
You feel drained.
Casting: Scorch (safe; 1% risk of failure)
Confirm with . or Enter, or press ? or * to list all spells.
Flames lash Edmund.
Edmund is lightly wounded.
Edmund hits you with a +0 dire flail of draining!
You feel drained.
Edmund hits you with a +0 dire flail of draining!
* * * LOW HITPOINT WARNING * * *
You feel drained.
* * * LOW HITPOINT WARNING * * *
Edmund attacks as you move away! Edmund closely misses you.
Casting: Scorch (safe; 1% risk of failure)
Confirm with . or Enter, or press ? or * to list all spells.
You conjure some foxfire!
Edmund hits you with a +0 dire flail of draining!
You die...

Skill      XL: |  1  2  3  4  5 |
---------------+----------------+-----
Stealth        | 3 |  3.1
Fire Magic     | 4 5 |  5.1
Conjurations   | 2 |  2.9
Fighting       | 1 |  1.6
Spellcasting   | 4 |  4.4
Dodging        | 3 |  3.3

Action                   |  1- 3 |  4- 6 || total
-------------------------+-------+-------++-------
Melee: Dagger            |       |     1 ||     1
 Cast: Foxfire           |    78 |    73 ||   151
       Scorch            |     4 |     7 ||    11
  Use: Scroll            |     2 |     6 ||     8
Armor: Robe              |     4 |     3 ||     7
Dodge: Dodged            |    10 |     7 ||    17

Levels and vault maps discovered:
D:1:      sevenhm_arrival_forest_fort_small_6, layout_rooms, serial_shops,
          nicolae_lakefront_shop
D:2:      layout_basic, dk_noncrumbling_4, grunt_ministairs_9
D:3:      layout_rooms, nicolae_qazlal_eye_of_the_storm, gammafunk_ghost_grave,
          shapermc_ecumenical_altar_rom_forum, minmay_puff, uniq_jessica
D:4:      layout_loops_ring, lemuel_coloured_pillars_altar,
          chequers_temple_overflow_minitemple, uniq_edmund

Notes
Turn   | Place    | Note
-------+----------+-------------------------------------------
     0 | D:1      | xzight the Deep Elf Fire Elementalist began the quest for
                  | the Orb.
     0 | D:1      | Reached XP level 1. HP: 10/10 MP: 6/6
   174 | D:1      | Reached XP level 2. HP: 15/15 MP: 6/8
   356 | D:1      | Found Ibano's Antique Armour Shop.
   967 | D:2      | Reached XP level 3. HP: 20/20 MP: 9/9
  1004 | D:2      | Learned a level 2 spell: Scorch
  1374 | D:2      | Reached skill level 3 in Stealth
  1589 | D:2      | Reached skill level 4 in Fire Magic
  2116 | D:3      | Noticed Jessica
  2196 | D:3      | Reached skill level 2 in Conjurations
  2220 | D:3      | Reached skill level 1 in Fighting
  2248 | D:3      | Found a runed translucent door.
  2252 | D:3      | Noticed bmack86's ghost (amateur MiFi)
  2293 | D:3      | Reached XP level 4. HP: 25/25 MP: 11/11
  2474 | D:3      | Noticed a centaur
  2480 | D:3      | Killed a centaur
  2481 | D:3      | Reached skill level 4 in Spellcasting
  2481 | D:3      | Reached XP level 5. HP: 14/29 MP: 13/13
  2663 | D:3      | Found a stormy altar of Qazlal.
  2701 | D:3      | Killed Jessica
  2702 | D:3      | Reached skill level 3 in Dodging
  2741 | D:3      | Found a faded altar of an unknown god.
  3106 | D:4      | Reached skill level 5 in Fire Magic
  3106 | D:4      | Reached XP level 6. HP: 34/34 MP: 14/14
  3431 | D:4      | Noticed Edmund
  3454 | D:4      | Slain by Edmund

Vanquished Creatures
  A centaur (D:3)
  An orc priest (D:3)
  A jelly (D:4)
  Jessica (D:3)
  3 adders
  An ufetubus (D:4)
  4 worms
  A dart slug (D:2)
  6 orcs
  4 ball pythons
  7 bats
  3 endoplasms
  5 giant cockroaches
  3 goblins
  6 hobgoblins
  2 jackals (D:1)
  7 kobolds
  8 quokkas
  3 frilled lizards
  4 rats
71 creatures vanquished.

Vanquished Creatures (others)
  241 foxfires
  3 fungi (D:3)
  2 plants (D:3)
  2 withered plants (D:3)
248 creatures vanquished.

Grand Total: 319 creatures vanquished

Table legend: (Time is in decaauts)
 A = Elapsed time spent in this place.
 B = Non-inter-level travel time spent in this place.
 C = Inter-level travel time spent in this place.
 D = Time resting spent in this place.
 E = Time spent auto-exploring this place.
 F = Levels seen in this place.
 G = Mean time per level.
                   A        B        C        D        E       F      G
               +--------+--------+--------+--------+--------+-----+--------+
         Total |   3453 |   3280 |    173 |    253 |   2478 |   4 |  863.2 |
       Dungeon |   3453 |   3280 |    173 |    253 |   2478 |   4 |  863.2 |
               +--------+--------+--------+--------+--------+-----+--------+

Top non-repeatable levels by time:
     D:2: 1370 daAuts
     D:3: 934 daAuts
     D:1: 793 daAuts
     D:4: 354 daAuts

Table legend:
 A = Non-vault XP
 B = Vault XP
 C = Vault XP percentage of total XP
 D = Non-vault monster count
 E = Vault monster count
 F = Vault count percentage of total count
                 A         B        C        D         E       F
            +---------+---------+-------+---------+---------+-------
      Total |     257 |     160 |  38.4 |      63 |       8 |  11.3
            +---------+---------+-------+---------+---------+-------
        D:1 |      35 |       0 |   0.0 |      19 |       0 |   0.0
        D:2 |      40 |       7 |  14.9 |      12 |       2 |  14.3
        D:3 |     103 |     153 |  59.8 |      22 |       6 |  21.4
        D:4 |      79 |       0 |   0.0 |      10 |       0 |   0.0
            +---------+---------+-------+---------+---------+-------
